AoeStats
← EL LEON

Arabia

510439759Analyzed
1v1 RM · 2d ago on Oct 1, 2026· 33m 17s· 2 players
Game mode
Random Map
Map size
Tiny (2 player)
Population
200
Speed
Normal
Resources
Standard
Victory
Conquest
Starting age
Dark Age
Ending age
Imperial Age
RankedLock teamsTeams togetherTeam positionsShared explorationLock speedFull tech treeHidden civsTurbo modeCheats
Victory
Defeat
🇦🇷 Vietnamese · Argentina
1075
+15
🇦🇷 Romans · Argentina
1051
-15
Terere
4:25 Loom
13:10 Feudal Age
14:16 Double-Bit Axe
18:18 Forging
18:00 Fletching
18:02 Horse Collar
24:18 Castle Age
26:21 Scale Mail Armor
31:09 Squires
EL LEON
0:26 Loom
11:42 Feudal Age
14:33 Double-Bit Axe
14:47 Man-at-Arms
20:13 Fletching
20:24 Padded Archer Armor
23:20 Horse Collar
27:51 Castle Age
26:02 Gold Mining
30:10 Crossbowman
30:55 Thumb Ring
31:13 Bow Saw
31:05 Heavy Plow
30:58 Stone Mining
32:10 Light Cavalry
Connection lost

Rejoining the realm…

Still unreachable

The connection could not be restored.

Session expired

The server has moved on; the page needs a fresh start.